 Dungeon Crawl Stone Soup version 0.17.0-9-g801d43b (webtiles) character file.

2367 st0uf the Schismatic (level 9, -3/71 HPs)
             Began as a Demonspawn Abyssal Knight on Nov 9, 2015.
             Was an Elder of Lugonu.
             Slain by a centaur
             ... wielding a +0 halberd
              (5 damage)
             ... in a bailey.
             The game lasted 00:31:43 (5895 turns).

st0uf the Schismatic (Demonspawn Abyssal Knight)    Turns: 5895, Time: 00:31:44

Health: -3/71      AC:  7    Str: 16    XL:     9   Next: 21%
Magic:  0/15       EV: 11    Int: 13    God:    Lugonu [****..]
Gold:   264        SH:  0    Dex: 13    Spells: 0 memorised, 8 levels left

rFire  . . .     SeeInvis .     k - +3 long sword
rCold  . . .     Clarity  .     b - +0 leather armour
rNeg   . . .     SustAt   .     (no shield)
rPois  .         Gourm    .     (no helmet)
rElec  .         Spirit   +     j - +0 cloak
rCorr  .         Warding  .     i - +1 pair of gloves
rMut   .         Stasis   .     (no boots)
MR     .....                    l - amulet of guardian spirit
Stlth  +.........               (no ring)
                                (no ring)

@: not resistant to hostile enchantments, very unstealthy
A: claws 1, hooves 2, powered by death 1, spiny 1
a: Depart the Abyss, Bend Space, Banish, Corrupt, Renounce Religion


You were in a bailey.
You worshipped Lugonu.
Lugonu was greatly pleased with you.
You were not hungry.

You visited 1 branch of the dungeon, and saw 7 of its levels.
You visited the Abyss 1 time.
You also visited: Sewer and Bailey.

You collected 264 gold pieces.

Inventory:

Hand Weapons
 a - a +1 falchion
 k - a +3 long sword (weapon)
 u - a +3 scimitar
Armour
 b - a +0 leather armour (worn)
 i - a +1 pair of gloves (worn)
 j - a +0 cloak (worn)
Jewellery
 l - an amulet of guardian spirit (around neck)
Wands
 x - a wand of magic darts (23)
Scrolls
 d - 5 scrolls of identify
 p - a scroll of immolation {unknown}
 q - a scroll of enchant armour
 s - a scroll of teleportation
 t - a scroll of fear {unknown}
 v - a scroll of enchant weapon
Potions
 e - 3 potions of flight
 f - 2 potions of might {unknown}
 h - 8 potions of curing
 m - a potion of poison {unknown}
Comestibles
 c - 5 bread rations
 n - a royal jelly
 r - a meat ration
 w - a beef jerky
 z - 2 chunks of flesh


   Skills:
 + Level 6.9 Fighting
 + Level 5.8 Long Blades
 + Level 6.0 Armour
 - Level 1.0 Dodging
 + Level 8.4 Invocations


You had 8 spell levels left.
You didn't know any spells.

Dungeon Overview and Level Annotations

Branches:
Dungeon (7/15)             Temple (0/1) D:5

Altars:
Cheibriados
Dithmenos
Elyvilon
Gozag
Ru
Trog

Shops:
D:5 :


Innate Abilities, Weirdness & Mutations

You have sharp fingernails.
You have hoof-like feet.
You regenerate a little health from kills.
You are partially covered in sharp spines.


Message History

The orc warrior closely misses you. The orc is struck by your spines.
The orc hits you with a spear.
* * * LOW HITPOINT WARNING * * *
The orc hits you with a spear.
* * * LOW HITPOINT WARNING * * *
The centaur throws a javelin of returning.
The javelin of returning hits you.
* * * LOW HITPOINT WARNING * * *
The weapon returns to the centaur!
You hit the orc but do no damage. You kick the orc, but do no damage.
The centaur is struck by your spines. The centaur closely misses you.
The orc warrior barely misses you.
The centaur throws a javelin of returning.
The javelin of returning hits you.
* * * LOW HITPOINT WARNING * * *
The weapon returns to the centaur!
The orc warrior closely misses you. The orc hits you with a spear.
* * * LOW HITPOINT WARNING * * *
The centaur is struck by your spines. The centaur hits you with a halberd.
You die...

≈≈≈≈≈..⌠.≈≈.≈≈≈#
o≈≈≈≈≈.....≈.≈≈≈#
≈≈≈≈≈≈≈....≈≈.≈≈#
≈≈≈≈≈≈≈.....≈.≈≈#
≈≈≈}≈≈≈.....≈.≈≈#
≈≈≈}≈≈≈.....≈.≈≈#
≈≈≈!≈≈≈o)...≈.≈≈#
≈≈≈≈≈≈≈.....≈.≈≈#
≈≈≈≈≈≈≈@o..≈≈.≈≈#
.≈≈≈c≈oco..≈c≈≈≈#
.≈≈≈≈≈..⌠.≈≈.≈≈≈#
..≈≈≈.....≈.≈≈≈≈#
...o....≈≈≈.≈≈≈≈#
≈.....≈≈≈..≈≈≈≈≈#
≈≈≈.≈≈≈..≈≈≈≈≈≈≈
.......≈≈≈≈≈≈≈≈


You could see 2 orc warriors, 3 centaurs and 4 orcs.

Vanquished Creatures
  Pikel (D:4)
  A phantom (D:3)
  An orc warrior (D:6)
  A slave (D:4)
  5 ogres
  A big kobold (Sewer)
  A giant frog (D:6)
  A scorpion (D:6)
  A wyvern zombie (D:7)
  9 wights
  2 crimson imps
  A centaur skeleton (D:5)
  7 iguanas
  7 worker ants
  A worker ant zombie (D:5)
  4 gnolls
  7 adders
  A shadow imp (D:6)
  An ooze (D:5)
  An adder zombie (D:5)
  4 worms
  6 giant geckos
  11 orcs
  9 hobgoblins
  3 jackals
  9 kobolds
  A quokka (D:3)
  5 bats
  4 giant cockroaches
  A giant gecko skeleton (D:4)
  3 giant newts
  15 goblins
  14 rats
139 creatures vanquished.

Notes
Turn   | Place    | Note
--------------------------------------------------------------
     0 | Abyss:1  | st0uf the Demonspawn Abyssal Knight began the quest for the Orb.
     0 | Abyss:1  | Reached XP level 1. HP: 18/18 MP: 2/2
    37 | D:1      | Escaped the Abyss
    51 | D:1      | Reached skill level 1 in Dodging
   557 | D:1      | Gained mutation: You have large cloven feet. [demonic ancestry]
   557 | D:1      | Reached XP level 2. HP: 24/24 MP: 3/3
  1280 | D:2      | Reached ** piety under Lugonu
  1506 | D:2      | Gained mutation: You are partially covered in sharp spines. [demonic ancestry]
  1506 | D:2      | Reached XP level 3. HP: 26/29 MP: 5/5
  1953 | D:3      | Found a white marble altar of Elyvilon.
  2000 | D:3      | Noticed a phantom
  2025 | D:3      | Killed a phantom
  2025 | D:3      | Reached skill level 4 in Fighting
  2025 | D:3      | Gained mutation: You have sharp fingernails. [demonic ancestry]
  2025 | D:3      | Reached XP level 4. HP: 29/37 MP: 6/6
  2025 | D:3      | Gained mutation: You have hoof-like feet. [demonic ancestry]
  2025 | D:3      | Reached XP level 5. HP: 32/42 MP: 7/7
  2555 | D:4      | Found a sacrificial altar of Ru.
  2674 | D:4      | Noticed Pikel
  2674 | D:4      | Noticed a slave
  2674 | D:4      | Noticed a slave
  2674 | D:4      | Noticed a slave
  2675 | D:4      | Noticed a slave
  2680 | D:4      | Killed a slave
  2768 | D:3      | Reached *** piety under Lugonu
  2975 | D:4      | Reached XP level 6. HP: 34/49 MP: 9/9
  3174 | D:4      | Found a snail-covered altar of Cheibriados.
  3366 | D:4      | Killed Pikel
  3366 | D:4      | Reached skill level 5 in Fighting
  3366 | D:4      | Reached skill level 6 in Invocations
  3366 | D:4      | Reached XP level 7. HP: 15/56 MP: 4/11
  3425 | D:5      | Entered Level 5 of the Dungeon
  3682 | D:5      | Found a shadowy altar of Dithmenos.
  3744 | D:5      | Found an opulent altar of Gozag.
  3744 | D:5      | Found a bloodstained altar of Trog.
  3758 | D:5      | Found Zogugh's Book Boutique.
  3803 | D:5      | Found a glowing drain.
  3829 | Sewer    | Entered a sewer
  3895 | Sewer    | Reached XP level 8. HP: 46/63 MP: 7/12
  3940 | Sewer    | Found a white marble altar of Elyvilon.
  4024 | D:5      | Found a staircase to the Ecumenical Temple.
  4261 | D:5      | Reached **** piety under Lugonu
  4324 | D:5      | Reached skill level 7 in Invocations
  4327 | D:5      | Reached skill level 5 in Armour
  4486 | D:5      | Reached skill level 5 in Long Blades
  5416 | D:6      | Reached skill level 8 in Invocations
  5416 | D:6      | Gained mutation: You regenerate a little health from kills. [demonic ancestry]
  5416 | D:6      | Reached XP level 9. HP: 38/71 MP: 8/15
  5853 | D:7      | Found a flagged portal.
  5875 | Bailey   | Entered a bailey
  5895 | Bailey   | HP: 2/71 [orc/spear (3)]
  5895 | Bailey   | Slain by a centaur

Action                   |  1- 3 |  4- 6 |  7- 9 || total
-------------------------+-------+-------+-------++-------
Melee: Falchion          |    98 |    58 |     8 ||   164
       Scimitar          |       |       |    65 ||    65
       Long sword        |       |       |   127 ||   127
  Use: Scroll            |       |       |    12 ||    12
       Potion            |       |       |     3 ||     3
  Eat: Chunk             |     3 |     3 |     4 ||    10
       Fruit             |       |     1 |       ||     1
       Meat ration       |       |       |     1 ||     1
